 Dungeon Crawl Stone Soup version 0.28.0-43-g3370ac3207 (webtiles) character file.

Game seed: 15945862037851059298

43402 Kaptain the Geomancer (level 14, -1/92 HPs)
             Began as a Gargoyle Earth Elementalist on Mar 15, 2022.
             Slain by an orc knight
             ... wielding a +0 great mace
              (38 damage)
             ... on level 1 of the Orcish Mines.
             The game lasted 01:02:19 (23422 turns).

Kaptain the Geomancer (GrEE)                       Turns: 23422, Time: 01:02:20

Health: -1/92      AC: 20    Str: 13    XL:     14   Next: 24%
Magic:  37/37      EV: 12    Int: 20    God:
Gold:   1184       SH:  0    Dex: 10    Spells: 27/34 levels left

rFire   + . .      SeeInvis .   D - +2 long sword (venom)
rCold   . . .      Faith    .   (no shield)
rNeg    + . .      Spirit   .   o - +0 leather armour
rPois   ∞          Reflect  .   (no helmet)
rElec   +          Harm     .   C - +2 cloak {Will+}
rCorr   .          Rampage  .   r - +0 pair of gloves
Will    ++...                   x - +0 pair of boots
Stlth   ++........              B - amulet of magic regeneration
HPRegen 0.25/turn               G - ring of magical power
MPRegen 0.65/turn               s - ring of protection from fire

@: flying
A: sickness immunity, AC +10, big wings, negative energy resistance 1,
electricity resistance, torment resistance 1, petrification resistance
a: no special abilities


You were on level 1 of the Orcish Mines.
You visited 4 branches of the dungeon, and saw 20 of its levels.

You collected 1566 gold pieces.
You spent 382 gold pieces at shops.

Inventory:

Hand Weapons
 f - a +2 war axe of flaming
 j - a +4 trident
 D - a +2 long sword of venom (weapon)
 P - a +2 morningstar of venom
Missiles
 i - 232 stones
 y - 39 poisoned darts
 z - 3 javelins
 E - 4 throwing nets
Armour
 c - the +10 plate armour "Soloble" {+Inv Will+}
   (You found it on level 4 of the Dungeon)

   +Inv:      It lets you turn invisible.
   Will:      It increases your willpower.
 o - a +0 leather armour (worn)
 r - a +0 pair of gloves (worn)
 x - a +0 pair of boots (worn)
 C - a +2 cloak of willpower (worn)
Jewellery
 b - a ring of fire
 d - a +6 ring of intelligence
 p - a +4 ring of evasion
 q - a ring of positive energy
 s - a ring of protection from fire (right hand)
 B - an amulet of magic regeneration (around neck)
 F - a ring of protection from cold
 G - a ring of magical power (left hand)
Wands
 t - a wand of flame (21)
 H - a wand of polymorph (6)
 J - a wand of mindburst (9)
 K - a wand of acid (11)
 Q - a wand of digging (9)
 R - a wand of iceblast (3)
Scrolls
 a - 2 scrolls of brand weapon
 e - 4 scrolls of acquirement
 k - 2 scrolls of teleportation
 n - a scroll of immolation
 u - a scroll of silence
 A - 5 scrolls of blinking
 M - 2 scrolls of identify
 N - 3 scrolls of fog
 O - a scroll of holy word
 T - a scroll of magic mapping
Potions
 g - 3 potions of brilliance
 h - 2 potions of lignification
 l - a potion of invisibility
 m - 2 potions of magic
 v - 2 potions of ambrosia
 w - a potion of berserk rage
 L - a potion of might
 S - a potion of mutation


   Skills:
 * Level 12.3 Fighting
 + Level 8.5 Armour
 - Level 4.0 Dodging
 - Level 3.0 Stealth
 - Level 5.0 Shields
 * Level 10.5 Spellcasting
 * Level 12.2 Conjurations
 - Level 0.7 Transmutations
 * Level 13.7 Earth Magic


You had 27 spell levels left.
You knew the following spells:

 Your Spells              Type           Power      Damage    Failure   Level
a - Sandblast             Erth           100%       2d20      1%          1
b - Stone Arrow           Conj/Erth      100%       3d13      1%          3
c - Swiftness             Air            10%        N/A       24%         3

Your spell library contained the following spells:

 Spells                   Type           Power      Damage    Failure   Level
 Magic Dart               Conj           100%       1d8       1%          1
 Passwall                 Tmut/Erth      32%        N/A       1%          2
 Searing Ray              Conj           100%       2d8       1%          2
 Dazzling Flash           Conj/Hex       70%        N/A       1%          3
 Mephitic Cloud           Conj/Pois/Air  26%        N/A       4%          3
 Animate Armour           Summ/Erth      76%        N/A       4%          4
 Petrify                  Tmut/Erth      39%        N/A       4%          4
 Fulminant Prism          Conj/Hex       17%        3d11      6%          4
 Iskenderun's Mystic Bla  Conj/Tloc      35%        2d8       6%          4
 Summon Small Mammal      Summ           40%        N/A       9%          1
 Call Imp                 Summ           10%        N/A       12%         2
 Corpse Rot               Necr/Air       20%        N/A       12%         2
 Ensorcelled Hibernation  Hex/Ice        20%        N/A       12%         2
 Lightning Bolt           Conj/Air       17%        1d32      19%         5
 Call Canine Familiar     Summ           10%        N/A       24%         3
 Summon Guardian Golem    Hex/Summ       10%        N/A       24%         3
 Airstrike                Air            5%         N/A       63%         4
 Animate Dead             Necr           5%         N/A       63%         4
 Dispel Undead            Necr           10%        3d9       63%         4
 Olgreb's Toxic Radiance  Pois           10%        N/A       63%         4
 Summon Lightning Spire   Summ/Air       10%        N/A       63%         4
 Starburst                Conj/Fire      17%        6d6       69%         6
 Lehudib's Crystal Spear  Conj/Erth      29%        10d8      95%         8
 Death Channel            Necr           5%         N/A       100%        6
 Haunt                    Necr/Summ      5%         N/A       100%        7
 Ozocubu's Refrigeration  Ice            5%         4d6       100%        7
 Borgnjor's Revivificati  Necr           5%         N/A       100%        8
 Ignition                 Fire           5%         3d4       100%        8
 Infestation              Necr           5%         N/A       100%        8
 Necromutation            Tmut/Necr      6%         N/A       100%        8
 Chain Lightning          Conj/Air       17%        3d23      100%        9
 Death's Door             Necr           5%         N/A       100%        9
 Fire Storm               Conj/Fire      17%        8d5       100%        9
 Shatter                  Erth           30%        3d25*     100%        9


Dungeon Overview and Level Annotations

Branches:
Dungeon (11/15)            Temple (1/1) D:5            Lair (6/6) D:11
  Swamp (0/4) Lair:4        Snake (0/4) Lair:3          Orc (2/2) D:11
    Elf (0/3) Orc:2
  Slime: Lair:5-6

Altars:
Ashenzari
Cheibriados
Dithmenos
Elyvilon
Fedhas
Gozag
Hepliaklqana
Kikubaaqudgha
Makhleb
Nemelex Xobeh
Okawaru
Qazlal
Ru
Sif Muna
Trog
Uskayaw
Vehumet
Wu Jian
Xom
Yredelemnul
Zin
The Shining One
Beogh

Shops:
D:1 =(   D:5 *   Orc:1 ?

Annotations:
D:3 3 runed translucent doors, Ablot's ghost, amateur GnWr


Innate Abilities, Weirdness & Mutations

You are immune to sickness and miasma.
Your stone body is resilient. (AC +10)
You are immune to poison.
Your large and strong wings let you fly.
You resist negative energy. (rN+)
You are resistant to electric shocks. (rElec)
You are resistant to unholy torment.
You are immune to petrification.


Message History

The stone arrow hits the orc knight!
The orc knight is almost dead.
The orc knight misses you.
The orc knight hits you with a +0 great sword!!
* * * LOW HITPOINT WARNING * * *
Casting: Stone Arrow (safe; 1% risk of failure)
Confirm with . or Enter, or press ? or * to list all spells.
Aiming: Stone Arrow (safe; 1% risk of failure)
Press: ? - help, Shift-Dir - straight line, f/p - orc knight
Aim: an orc knight, wielding a +0 great sword and wearing a +0 chain mail (almost dead, strong, 75% to hit)
The stone arrow hits the orc knight!!
You kill the orc knight!
Unknown command.
The orc warlord no longer looks unusually strong.
Things that are here:
a +0 great sword; a +0 chain mail; an orc corpse The orc warlord roars a battlecry!
You hear a shout!
Casting: Stone Arrow (safe; 1% risk of failure)
Confirm with . or Enter, or press ? or * to list all spells.
Aiming: Stone Arrow (safe; 1% risk of failure)
Press: ? - help, Shift-Dir - straight line, f - orc warlord
Aim: an orc warlord, wielding a +0 great mace and wearing a +0 plate armour (87% to hit)
The stone arrow hits the orc warlord!!
The orc warlord is lightly wounded.
The orc knight roars a battlecry!
The orc warlord goes into a battle-frenzy!
There is an entrance to Nuril's Magic Scroll Shoppe here.
You see here 2 potions of flight.
The orc warlord roars a battlecry!
The orc warlord no longer looks unusually strong.
The orc knight shouts!
The orc knight no longer looks unusually strong.
There is an entrance to Nuril's Magic Scroll Shoppe here.
You see here 2 potions of flight.
You completely miss the orc knight.
The orc warlord roars a battlecry!
The orc knight goes into a battle-frenzy!
The orc knight hits you with a +0 great mace!!!
You die...

##..#........)..>......
#.....o.........[....#. #
##.o#.##............... #
#...#####.#..........#. #
##.## ##........#))#. #
##.## ####.....####...# #
#...####.#...#...#.#....
#
##..#o##............o....
#
#.......@o.....#..#......
#
##.........#.....##...#..
#
####.#.#.###........##..
####### ##...#...###.
#......## ## ##.##.##
######


You could see an orc warlord and an orc knight (strong).

Vanquished Creatures
  Harold (Orc:1)
  A boulder beetle (Lair:2)
  A hydra (Lair:5)
  A catoblepas (Lair:5)
  4 two-headed ogres
  An orc high priest (Orc:1)
  11 death yaks
  Nergalle (Lair:2)
  The ghost of Zippel the Thaumaturge, a novice MfSu (D:7)
  An orc knight (Orc:1)
  An orc sorcerer (Orc:2)
  2 cyclopes
  Maurice (D:8)
  3 elephants
  8 black mambas
  10 cane toads
  4 komodo dragons
  2 polar bears
  2 trolls
  Prince Ribbit (D:9)
  10 blink frogs
  A shadow (D:10)
  46 yaks
  3 wyverns
  2 wraiths (D:10)
  3 basilisks
  5 vampire mosquitoes (Lair:4)
  12 water moccasins
  A sky beast (D:6)
  An ice beast (D:5)
  28 orc warriors
  2 black bears (Lair:2)
  4 ogres
  19 wolves
  6 centaurs
  A phantom (D:7)
  2 kobold brigands
  10 bullfrogs
  A scorpion (D:4)
  3 howler monkeys
  4 electric eels
  3 centaur zombies
  A hound (D:6)
  Crazy Yiuf (D:6)
  A gnoll shaman (D:8)
  27 orc priests
  An iguana (D:4)
  Natasha (twice) (D:4)
  14 orc wizards
  3 hell rats (Lair:3)
  A killer bee zombie (D:8)
  A howler monkey zombie (D:10)
  4 adders
  7 gnolls
  3 river rats (Lair:3)
  2 white imps
  2 worms
  3 dart slugs
  76 orcs
  4 endoplasms
  3 giant cockroaches
  11 hobgoblins
  2 jackals (D:3)
  2 quokkas
  2 ball pythons
  3 bats
  2 frilled lizards
  5 goblins
  16 kobolds
  9 rats
432 creatures vanquished.

Vanquished Creatures (others)
  26 fungi
  26 plants
52 creatures vanquished.

Grand Total: 484 creatures vanquished

Notes
Turn   | Place    | Note
-------+----------+-------------------------------------------
     0 | D:1      | Kaptain the Gargoyle Earth Elementalist began the quest for
                  | the Orb.
     0 | D:1      | Reached XP level 1. HP: 10/10 MP: 3/3
    71 | D:1      | Found a faded altar of an unknown god.
   233 | D:1      | Reached XP level 2. HP: 16/16 MP: 3/5
   320 | D:1      | Found Zeum's Antique Weapon Shop.
   354 | D:1      | Found Cuseth's One-of-a-Kind Rings.
  1165 | D:2      | Reached skill level 1 in Conjurations
  1347 | D:2      | Reached XP level 3. HP: 17/20 MP: 6/6
  1351 | D:2      | Learned a level 3 spell: Stone Arrow
  1435 | D:2      | Reached skill level 1 in Fighting
  1435 | D:2      | Reached skill level 4 in Earth Magic
  2516 | D:3      | Reached XP level 4. HP: 25/25 MP: 4/7
  2519 | D:3      | Reached skill level 1 in Armour
  2647 | D:3      | Found a runed translucent gate.
  2648 | D:3      | Found a runed translucent gate.
  2649 | D:3      | Found a runed translucent gate.
  2650 | D:3      | Found an opulent altar of Gozag.
  2652 | D:3      | Noticed a bullfrog
  2652 | D:3      | Noticed Ablot's ghost (amateur GnWr)
  2813 | D:4      | Noticed a scorpion
  3160 | D:4      | Found an opulent altar of Gozag.
  3192 | D:4      | Reached XP level 5. HP: 22/30 MP: 2/9
  3207 | D:4      | Found a glowing golden altar of the Shining One.
  3208 | D:4      | Found an iron altar of Okawaru.
  3209 | D:4      | Found a basalt altar of Yredelemnul.
  3209 | D:4      | Found an ancient bone altar of Kikubaaqudgha.
  3252 | D:4      | Identified the +10 plate armour "Soloble" {+Inv Will+}
  3267 | D:4      | Identified 3 scrolls of acquirement
  3315 | D:5      | Entered Level 5 of the Dungeon
  3315 | D:5      | Noticed a water moccasin
  3782 | D:4      | Noticed Natasha
  3794 | D:4      | Killed Natasha
  3922 | D:4      | Noticed Natasha
  3926 | D:4      | Killed Natasha
  3927 | D:4      | Reached XP level 6. HP: 36/36 MP: 3/10
  4159 | D:5      | Killed a water moccasin
  4160 | D:5      | Reached skill level 5 in Earth Magic
  4533 | D:5      | Reached XP level 7. HP: 41/41 MP: 8/12
  4538 | D:5      | Found a staircase to the Ecumenical Temple.
  4547 | Temple   | Entered the Ecumenical Temple
  5335 | D:5      | Found Kaen's Gadget Gallery.
  6178 | D:6      | Reached skill level 6 in Earth Magic
  6255 | D:6      | Reached XP level 8. HP: 48/48 MP: 4/14
  6855 | D:6      | Found a runed translucent door.
  6856 | D:6      | Noticed Crazy Yiuf
  6861 | D:6      | Killed Crazy Yiuf
  7213 | D:7      | Reached skill level 5 in Fighting
  7219 | D:7      | Reached skill level 5 in Conjurations
  7223 | D:7      | Reached skill level 7 in Earth Magic
  7413 | D:7      | Found a sacrificial altar of Ru.
  7628 | D:7      | Found a runed translucent gate.
  7628 | D:7      | Noticed Zippel's ghost (novice MfSu)
  7629 | D:7      | Found a runed translucent gate.
  7630 | D:7      | Found a runed translucent gate.
  7729 | D:8      | Reached skill level 5 in Spellcasting
  7832 | D:8      | Reached XP level 9. HP: 54/54 MP: 10/16
  7914 | D:8      | Noticed a two-headed ogre
  7919 | D:8      | Killed a two-headed ogre
  8094 | D:8      | Noticed a two-headed ogre
  8101 | D:8      | Killed a two-headed ogre
  8102 | D:8      | Reached skill level 8 in Earth Magic
  8271 | D:8      | Noticed Maurice
  8389 | D:8      | Killed Maurice
  8390 | D:8      | Reached XP level 10. HP: 63/63 MP: 19/19
  8717 | D:9      | Reached skill level 5 in Armour
  8717 | D:9      | Reached skill level 9 in Earth Magic
  9457 | D:9      | Noticed Prince Ribbit
  9465 | D:9      | Killed Prince Ribbit
  9723 | D:10     | Entered Level 10 of the Dungeon
 10058 | D:10     | Noticed a two-headed ogre
 10064 | D:10     | Killed a two-headed ogre
 10065 | D:10     | Reached skill level 1 in Shields
 10136 | D:10     | Reached XP level 11. HP: 69/69 MP: 17/21
 10202 | D:10     | Reached skill level 10 in Earth Magic
 10851 | D:7      | Killed Zippel's ghost
 11094 | D:7      | Identified the +0 pair of boots of the Falcon {rPois}
 11457 | D:11     | Found a staircase to the Orcish Mines.
 11463 | D:11     | Noticed a cyclops
 11524 | D:11     | Found a staircase to the Lair.
 11571 | D:11     | Noticed a two-headed ogre
 11577 | D:11     | Killed a two-headed ogre
 11581 | D:11     | Killed a cyclops
 12111 | Lair:1   | Entered Level 1 of the Lair of Beasts
 12797 | Lair:1   | Reached skill level 11 in Earth Magic
 12925 | Lair:1   | Reached XP level 12. HP: 58/76 MP: 20/24
 13867 | Lair:2   | Reached skill level 10 in Fighting
 14124 | Lair:2   | Noticed a boulder beetle
 14141 | Lair:2   | Killed a boulder beetle
 14142 | Lair:2   | Reached skill level 10 in Conjurations
 15169 | Lair:2   | Noticed Nergalle
 15176 | Lair:2   | Killed Nergalle
 15186 | Lair:2   | Learned a level 3 spell: Swiftness
 15734 | Lair:3   | Found a staircase to the Snake Pit.
 16053 | Lair:3   | Reached skill level 12 in Earth Magic
 16383 | Lair:3   | Noticed a death yak
 16390 | Lair:3   | Killed a death yak
 16391 | Lair:3   | Reached XP level 13. HP: 77/83 MP: 21/26
 16979 | Lair:4   | Found a staircase to the Swamp.
 17304 | Lair:4   | Reached skill level 5 in Shields
 19096 | Lair:4   | Reached skill level 13 in Earth Magic
 19157 | Lair:3   | Reached skill level 10 in Spellcasting
 20611 | Lair:6   | Entered Level 6 of the Lair of Beasts
 21021 | Lair:4   | Gained mutation: Your large and strong wings let you fly.
                  | [Gargoyle growth]
 21021 | Lair:4   | Reached XP level 14. HP: 69/92 MP: 12/28
 21228 | Orc:1    | Entered Level 1 of the Orcish Mines
 21337 | Orc:2    | Entered Level 2 of the Orcish Mines
 21337 | Orc:2    | Found a staircase to the Elven Halls.
 22373 | Orc:1    | Noticed Harold
 22397 | Orc:1    | Killed Harold
 22618 | Orc:1    | Found Nuril's Magic Scroll Shoppe.
 22628 | Orc:1    | Bought a scroll of blinking for 112 gold pieces
 22628 | Orc:1    | Bought a scroll of teleportation for 45 gold pieces
 22628 | Orc:1    | Bought 2 scrolls of enchant armour for 225 gold pieces
 22651 | Orc:1    | Noticed an orc warlord
 23212 | Orc:1    | You are sucked into a shaft and drop 1 floor!
 23422 | Orc:1    | Slain by an orc knight

Illustrated notes

Levels and vault maps discovered:
D:1:      psy_arrival_conway, layout_basic, serial_shops, shop,
          shapermc_ecumenical_altar_venn, kennysheep_crisscross,
          nicolae_shop_unique_rings
D:2:      layout_basic, minmay_misc_feat_four_crosses, kennysheep_doodads,
          hex_tiny
D:3:      layout_basic, ebering_ghost_gozag, corexii_leaking_fountain,
          chequers_garden
D:4:      layout_cave_pods, nicolae_gozag_seed_capital,
          mainiacjoe_overflow_alcove_3, chequers_ossuary_entry_cave,
          uniq_natasha
D:5:      layout_loops_ring, minmay_temple_entry_waves, serial_co_window_serial,
          co_window_paths_b, co_window_of_opportunity_a, co_window_corner_a,
          co_window_of_opportunity_a, co_window_paths_b, co_window_paths_b,
          co_window_paths_a, co_window_of_opportunity_a, co_window_corner_a,
          co_window_unsneaky_path_d, co_window_2corner, co_window_broadway_b,
          co_window_of_opportunity_c, nicolae_shop_gadgets
D:6:      layout_basic, kennysheep_minor_cross, uniq_crazy_yiuf_cottage
D:7:      layout_rooms, nicolae_ru_path_of_blood, biasface_ghost_orc_armoury
D:8:      layout_basic, uniq_maurice
D:9:      layout_loops_cross, uniq_prince_ribbit1
D:10:     layout_irregular_city, kennysheep_opposing_triangles
D:11:     layout_basic, lair_entry_dummy, david_orc_5
Temple:   regret_index_temple_sphere_string
Lair:1:   layout_gridlike, minivault_23, grunt_forest_stairs_basic
Lair:2:   layout_cave_pods, gammafunk_lair_bear_cave, grunt_megastairs_5,
          uniq_nergalle
Lair:3:   layout_small_grid, minmay_snake_entry_six_corridors,
          chequers_serial_rivers_marsh, minivault_26, kennysheep_abandoned_house
Lair:4:   layout_small_grid, minmay_swamp_entry_swarm
Lair:5:   layout_cave_pods, eino_small_chamber_without_monster,
          chequers_serial_rivers_large_b, infiniplex_staircase_pool
Lair:6:   grunt_lair_end_beastmaster, layout_cave_shapes,
          minmay_slime_entry_jelly_boxes, nicolae_lair_run_with_the_wolves
Orc:1:    cheibrodos_orc_arena, layout_caves, serial_shops, shop,
          nicolae_orc_rockfall, uniq_harold
Orc:2:    st_orc_pillars, layout_caves, gammafunk_ghost_grave,
          portal_ice_cave_entry_ice_simulacra

Skill      XL: |  1  2  3  4  5  6  7  8  9 10 11 12 13 14 |
---------------+-------------------------------------------+-----
Conjurations   | 1 2 3 4 5 6 8 9 10 11 12 | 12.2
Fighting       | 1 2 3 4 5 7 8 9 10 12 | 12.3
Earth Magic    | 4 5 6 7 8 9 11 12 13 | 13.7
Armour         | 1 2 3 4 5 6 7 8 |  8.5
Stealth        | 3 |  3.0
Spellcasting   | 3 4 5 6 7 8 9 10 | 10.5
Shields        | 1 3 4 5 |  5.0
Dodging        | 2 3 4 |  4.0
Transmutations | |  0.7

Action                   |  1- 3 |  4- 6 |  7- 9 | 10-12 | 13-15 || total
-------------------------+-------+-------+-------+-------+-------++-------
Melee: Short sword       |     6 |    62 |     3 |       |       ||    71
       War axe           |    34 |     3 |       |    51 |     1 ||    89
       Punch             |       |     1 |       |     2 |       ||     3
       Hand axe          |       |       |     7 |    31 |       ||    38
       Unarmed           |       |       |     1 |       |       ||     1
       Long sword        |       |       |       |     6 |     1 ||     7
 Cast: Sandblast         |    37 |    25 |    46 |    74 |    66 ||   248
       Stone Arrow       |       |    14 |    52 |   314 |   310 ||   690
Evoke: Wand              |       |       |     1 |     2 |       ||     3
  Use: Scroll            |       |     7 |     4 |    15 |     8 ||    34
       Potion            |       |     1 |       |     7 |       ||     8
 Stab: Sleeping          |     1 |     1 |       |       |       ||     2
Armor: Robe              |    14 |       |       |       |       ||    14
       Leather armour    |     2 |    20 |    12 |   159 |    91 ||   284
Dodge: Dodged            |    43 |    32 |    21 |   217 |    93 ||   406
